 Dungeon Crawl Stone Soup version 0.27.0-1-g7a089689b8 (webtiles) character file.

Game seed: 4993281646926154040

37 shoop the Sneak (level 3, 0/23 HPs)
             Began as a Kobold Delver on Aug 9, 2021.
             Was an Initiate of Zin.
             Slain by a mummy (5 damage)
             ... in an ossuary.
             The game lasted 00:04:50 (782 turns).

shoop the Sneak (Kobold Delver)                      Turns: 782, Time: 00:04:51

Health: 0/23       AC:  3    Str:  9    XL:     3   Next: 62%
Magic:  3/3        EV: 14    Int: 12    God:    Zin [......]
Gold:   12         SH:  0    Dex: 16    Spells: 2/2 levels left

rFire    . . .     SeeInvis .   a - +0 short sword
rCold    . . .     Faith    .   (shield restricted)
rNeg     . . .     Spirit   .   b - +0 leather armour
rPois    .         Reflect  .   (no helmet)
rElec    .         Harm     .   (no cloak)
rCorr    .         Rampage  .   (no gloves)
Will     .....                  (no boots)
Stlth    ++++......             (no amulet)
HPRegen  0.07/turn              (no ring)
MPRegen  0.08/turn              (no ring)

@: brilliant
A: small, no large weapons, nightstalker 3
a: Renounce Religion, Donate Gold


You were in an ossuary.
You worshipped Zin.
Zin was noncommittal.
You visited 1 branch of the dungeon, and saw 2 of its levels.
You also visited: Ossuary.

You collected 13 gold pieces.
You donated 1 gold pieces to Zin.

Inventory:

Hand Weapons
 a - a +0 short sword (weapon)
 h - a +0 hunting sling
Armour
 b - a +0 leather armour (worn)
 j - a +0 kite shield
Wands
 g - a wand of digging (3)
Scrolls
 c - a scroll of fog
 d - a scroll of magic mapping
 e - 2 scrolls of fear
 k - a scroll of holy word {unknown}
Potions
 f - a potion of haste


   Skills:
 - Level 3.2 Fighting
 + Level 5.0 Short Blades
 - Level 2.4 Dodging
 - Level 6.6 Stealth


You had 2 spell levels left.
You didn't know any spells.
Your spell library was empty.

Dungeon Overview and Level Annotations

Branches:
Dungeon (5/15)            Ossuary (1/1)
 Temple: D:4-7

Altars:
Zin

Annotations:
D:4 exclusions: hound, 2 orcs, scorpion and 1 more exclusion Ossuary exclusion: 4 zombies


Innate Abilities, Weirdness & Mutations

You are small and have problems with some larger weapons.
You are completely attuned to the shadows.


Message History

Okay, then.
Okay, then.
You hit the mummy.
The mummy is moderately damaged.
You hit the mummy.
The mummy is moderately damaged.
The mummy closely misses you.
You hit the mummy.
The mummy is heavily damaged.
You hit the mummy.
The mummy is severely damaged.
The mummy hits you!!
Ouch! That really hurt!
* * * LOW HITPOINT WARNING * * *
It was a potion of brilliance.
You feel clever all of a sudden.
You hit the mummy but do no damage.
The mummy is severely damaged.
The mummy barely misses you.
You barely miss the mummy.
The mummy is severely damaged.
You closely miss the mummy.
The mummy is severely damaged.
The mummy hits you.
* * * LOW HITPOINT WARNING * * *
You barely miss the mummy.
The mummy is severely damaged.
You hit the mummy.
The mummy is severely damaged.
The mummy closely misses you.
You hit the mummy but do no damage.
The mummy is severely damaged.
The mummy closely misses you.
Okay, then.
You hit the mummy.
The mummy is almost destroyed.
You barely miss the mummy.
The mummy is almost destroyed.
The mummy hits you.
You die...

...........
...........Z
............
.................#
Z.....∩..........#
......∩..........##
..................#.
....................
..............@M....
..............##....
............# ....
............ ....
....


You could see a mummy.

Vanquished Creatures
  A hound zombie (Ossuary)
  An adder (D:4)
  An adder zombie (Ossuary)
  A dart slug (D:4)
  An endoplasm (D:4)
  A gnoll zombie (Ossuary)
  A hobgoblin zombie (Ossuary)
  2 jackal zombies (Ossuary)
  A kobold (D:4)
  An orc zombie (D:4)
  2 rat zombies
13 creatures vanquished.

Notes
Turn   | Place    | Note
-------+----------+-------------------------------------------
     0 | D:5      | shoop the Kobold Delver began the quest for the Orb.
     0 | D:5      | Reached XP level 1. HP: 14/14 MP: 1/1
    50 | D:4      | Reached XP level 2. HP: 19/19 MP: 2/2
   206 | D:4      | Noticed a scorpion
   263 | D:4      | Found a sand-covered staircase.
   311 | D:4      | Found a glowing silver altar of Zin.
   315 | D:4      | Became a worshipper of Zin the Law-Giver
   410 | Ossuary  | Entered an ossuary
   542 | Ossuary  | Reached XP level 3. HP: 17/23 MP: 3/3
   691 | Ossuary  | Reached skill level 5 in Short Blades
   782 | Ossuary  | Slain by a mummy

Illustrated notes

Levels and vault maps discovered:
D:4:      layout_loops_cross, zin_scriptorium, enter_ossuary_3,
          chequers_mini_garden, st_stairs_13, nicolae_alphabet_shops
D:5:      layout_loops_corners, minmay_temple_entry_statues_pillars,
          chequers_serial_rivers_micro_d, grunt_ministairs_1,
          minmay_door_square, hangedman_decor_diamond_cutter, hex_tiny
Ossuary:  ossuary_minmay_tomb_2a

Skill      XL: |  1  2  3 |
---------------+----------+-----
Short Blades   | 3 4 5 |  5.0
Fighting       | |  3.2
Dodging        | |  2.4
Stealth        | |  6.6

Action                   || total
-------------------------++-------
Melee: Short sword       ||    81
  Use: Potion            ||     1
 Stab: Sleeping          ||     4
       Distracted        ||     1
Armor: Leather armour    ||     6
Dodge: Dodged            ||    36
